 Dungeon Crawl Stone Soup version 0.32-a0-975-g85d4e5bfdb (webtiles) character file.

Game seed: 8504235138634040973

242 Dirtsage the Sneak (level 5, -4/38 HPs)
             Began as a Demonspawn Brigand on Apr 19, 2024.
             Slain by Grinder (8 damage)
             ... while paralysed by Grinder
             ... on level 3 of the Dungeon.
             The game lasted 00:05:13 (2042 turns).

Dirtsage the Sneak (Demonspawn Brigand)             Turns: 2042, Time: 00:05:14

Health: -4/38      AC:  3    Str: 11    XL:     5   Next: 82%
Magic:  5/5        EV:  2    Int: 12    God:
Gold:   166        SH:  0    Dex: 20    Spells: 4/4 levels left

rFire   . . .        a - +2 dagger
rCold   . . .        (no shield)
rNeg    . . .        b - +0 robe
rPois   .            (no helmet)
rElec   .            c - +0 cloak
rCorr   .            (no gloves)
SInv    .            (no boots)
Will    +....        (no amulet)
Stlth   +++++        f - ring of willpower
HPRegen 0.26/turn    (no ring)
MPRegen 0.09/turn

%: no passive effects
@: paralysed, studying Unarmed Combat
A: thin skeletal structure 2
a: no special abilities


You were on level 3 of the Dungeon.
You visited 1 branch of the dungeon, and saw 3 of its levels.

You collected 166 gold pieces.

Inventory:

Hand Weapons
 a - a +2 dagger (weapon)
 l - a +0 rapier
Missiles
 d - 9 poisoned darts (quivered)
 e - 2 curare-tipped darts
 h - 5 datura-tipped darts
Armour
 b - a +0 robe (worn)
 c - a +0 cloak (worn)
Jewellery
 f - a ring of willpower (left hand)
 p - a ring of magical power
 s - a +6 ring of intelligence
Wands
 t - a wand of mindburst (7)
Scrolls
 m - a scroll of vulnerability {unknown}
 o - 2 scrolls of identify {unknown}
 u - a scroll of teleportation {unknown}
 v - a scroll of noise {unknown}
Potions
 g - a potion of magic {unknown}
 i - 2 potions of degeneration {unknown}
 j - a potion of curing {unknown}
 k - a potion of brilliance {unknown}
 n - a potion of mutation {unknown}
 q - 2 potions of attraction {unknown}
 r - a potion of might {unknown}


   Skills:
 - Level 2.0 Fighting
 * Level 4.8 Short Blades
 - Level 1.7 Throwing
 - Level 0.8 Dodging
 + Level 4.8 Stealth


You had 4 spell levels left.
You didn't know any spells.
Your spell library contained the following spells:

 Spells                   Type           Power      Damage    Failure   Level
 Cause Fear               Hex            0%         N/A       97%         4
 Fireball                 Conj/Fire      0%         3d3       100%        5
 Dragon's Call            Summ           0%         N/A       100%        9


Dungeon Overview and Level Annotations

Branches:
Dungeon (3/15)

Altars:

Annotations:
D:3 Grinder


Innate Abilities, Weirdness & Mutations

You have a moderately thin skeletal structure. (Dex +4, Stealth++)


Message History

Aim: Grinder (chance to affect: 64%) Grinder's mind is blasted!
Aiming: Mindburst
Press: ? - help, Shift-Dir - straight line, f/p - Grinder
Aim: Grinder (moderately wounded, chance to affect: 64%) Grinder's mind is blasted!!
Grinder gestures at you. Pain shoots through your body!
You take 13 damage, and have 25/38 hp.
MASSIVE DAMAGE!!
Aiming: Mindburst
Press: ? - help, Shift-Dir - straight line, f/p - Grinder
Aim: Grinder (severely wounded, chance to affect: 64%) Grinder struggles to resist.
Grinder hits you!
You take 7 damage, and have 18/38 hp.
Aiming: Mindburst
Press: ? - help, Shift-Dir - straight line, f/p - Grinder
Aim: Grinder (severely wounded, chance to affect: 64%) Grinder struggles to resist.
Grinder barely misses you.
Aiming: Mindburst
Press: ? - help, Shift-Dir - straight line, f/p - Grinder
Aim: Grinder (severely wounded, chance to affect: 64%) Grinder's mind is blasted!
Grinder hits you!
You writhe in agony.
* * * LOW HITPOINT WARNING * * *
You take 11 damage, and have 7/38 hp.
MASSIVE DAMAGE!!
Aiming: Mindburst
Press: ? - help, Shift-Dir - straight line, f/p - Grinder
Aim: Grinder (almost dead, chance to affect: 64%) Grinder struggles to resist.
Grinder gestures at you.
You suddenly lose the ability to move!
The goblin barely misses you. The goblin hits you but does no damage.
Grinder hits you but does no damage. The goblin barely misses you.
Grinder gestures at you. You resist with almost no effort. Grinder hits you.
* * * LOW HITPOINT WARNING * * *
The goblin hits you but does no damage. The goblin hits you but does no damage.
Grinder hits you!
You die...
Grinder says, "Hey, I wasn't done torturing you yet!"

.........# #..........
)....†...# ##.........
.........# ##........
######+### #........
.#############........
......†........####...
........†.......# #.
##########......#
#@.....#
.......5g....#
..........####
..........#
..$.......#
....(.....#
..........#
..........#


You could see Grinder and a goblin.

Vanquished Creatures
  Sigmund (D:2)
  Ijyb (D:3)
  2 adders
  4 endoplasms
  2 giant cockroaches
  3 goblins
  3 hobgoblins
  4 quokkas
  7 ball pythons
  2 bats
  2 frilled lizards
  3 kobolds
  3 rats
37 creatures vanquished.

Notes
Turn   | Place    | Note
-------+----------+-------------------------------------------
     0 | D:1      | Dirtsage the Demonspawn Brigand began the quest for the
                  | Orb.
     0 | D:1      | Reached XP level 1. HP: 16/16 MP: 1/1
   436 | D:1      | Gained mutation: You have a somewhat thin skeletal
                  | structure. (Dex +2, Stealth+) [demonic ancestry]
   436 | D:1      | Reached XP level 2. HP: 19/22 MP: 2/2
   974 | D:2      | Reached XP level 3. HP: 27/27 MP: 3/3
  1080 | D:2      | Noticed Sigmund
  1090 | D:2      | Killed Sigmund
  1091 | D:2      | Reached XP level 4. HP: 23/33 MP: 4/4
  1091 | D:2      | Gained mutation: You have a moderately thin skeletal
                  | structure. (Dex +4, Stealth++) [demonic ancestry]
  1091 | D:2      | Reached XP level 5. HP: 27/38 MP: 5/5
  1641 | D:3      | Noticed Ijyb
  1655 | D:3      | Killed Ijyb
  1836 | D:3      | Found a faded altar of an unknown god.
  2029 | D:3      | Noticed Grinder
  2038 | D:3      | Paralysed by Grinder for 5 turns
  2042 | D:3      | Slain by Grinder

Illustrated notes

Levels and vault maps discovered:
D:1:      dpeg_arrival_oval, layout_basic, grunt_decor_cap
D:2:      layout_basic, bh_walls_and_bars, uniq_sigmund
D:3:      layout_basic, shapermc_ecumenical_altar_mp_highgroup, serial_shops,
          shop, uniq_ijyb, uniq_grinder

Skill      XL: |  1  2  3 |
---------------+----------+-----
Short Blades   | 2 3 4 |  4.8
Stealth        | 4 |  4.8
Fighting       | |  2.0
Throwing       | |  1.7
Dodging        | |  0.8

Action                     |  1- 3 |  4- 6 || total
---------------------------+-------+-------++-------
  Melee: Dagger            |    61 |    33 ||    94
  Throw: Dart              |     1 |     2 ||     3
  Evoke: Wand              |       |     7 ||     7
   Stab: Sleeping          |     6 |     6 ||    12
 Armour: Robe              |    27 |    28 ||    55
  Dodge: Dodged            |    27 |    16 ||    43

Table legend: (Time is in decaauts)
 A = Elapsed time spent in this place.
 B = Non-inter-level travel time spent in this place.
 C = Inter-level travel time spent in this place.
 D = Time resting spent in this place.
 E = Time spent auto-exploring this place.
 F = Levels seen in this place.
 G = Mean time per level.
                   A        B        C        D        E       F      G
               +--------+--------+--------+--------+--------+-----+--------+
         Total |   2025 |   1955 |     70 |      0 |   1669 |   3 |  675.0 |
       Dungeon |   2025 |   1955 |     70 |      0 |   1669 |   3 |  675.0 |
               +--------+--------+--------+--------+--------+-----+--------+

Top non-repeatable levels by time:
     D:1: 815 daAuts
     D:2: 805 daAuts
     D:3: 404 daAuts
